cohdb
Replays
Latest Replays
All Replays
Popular Replays
Top Player Replays
Match Explorer
How It Works
Community
CoH3 Stats
Reddit
Sign in to upload your games and track your stats! →
Sign in with Steam
Match 42944384
Unlisted
Match 42944384
Overview
Messages
Build Orders
End
Scout Squad
Construct Barracks
1⁄4-ton 4x4 Truck
Riflemen Squad
Riflemen Squad
Infantry Support Center
Construct Medical Station
Riflemen Squad
Grenade Package
Construct Weapon Support Center
Construct Motor Pool
M1 Anti-tank Gun Team
M1918 Browning Automatic Rifles
M8 Greyhound Armored Car
Engineer Squad
M1 Mortar Team
M1 Anti-tank Gun Team
Survival Training
Selects Heavy Weapons
Selects Assault Carriers
Selects Exchangeable Parts
Advanced Logistics
Construct Weapon Support Center
Selects M2HB .50cal Heavy Machine Gun
M1919 Machine Gun Team
Selects M26 Pershing Heavy Tank
M26 Pershing Heavy Tank
Engineer Squad
Captain Retinue
Selects Rapid Reposition
M3 Assault Carrier
Selects Bolstered Team Weapons
_
desertBeliever
0
0
Comments
sign in to comment!
No comments posted yet!